 Dungeon Crawl Stone Soup version 0.31-a0-175-g9f7f995f2b (webtiles) character file.

Game seed: 10024592288253715741

144 qw the Chopper (level 5, -2/32 HPs)
             Began as a Gargoyle Fighter on June 16, 2023.
             Slain by an orc
             ... wielding a +0 dagger
              (3 damage)
             ... on level 3 of the Dungeon.
             The game lasted 00:00:40 (1460 turns).

qw the Chopper (Gargoyle Fighter)                   Turns: 1460, Time: 00:00:41

Health: -2/32      AC: 13    Str: 22    XL:     5   Next: 26%
Magic:  5/5        EV:  8    Int: 12    God:
Gold:   72         SH:  0    Dex:  9    Spells: 4/4 levels left

rFire   . . .        a - +7 broad axe of Responsibility {heavy, Int+4}
rCold   . . .        c - +0 buckler
rNeg    + . .        j - +0 chain mail
rPois   inf          (no helmet)
rElec   +            (no cloak)
rCorr   .            (no gloves)
SInv    +            (no boots)
Will    .....        (no amulet) Stlth
                     f - ring of see invisible
HPRegen 0.25/turn    (no ring)
MPRegen 0.09/turn

%: no passive effects
@: confused
A: sickness immunity, AC +4, negative energy resistance 1, electricity
resistance, torment resistance 1, petrification resistance
a: no special abilities


You were on level 3 of the Dungeon.
You visited 1 branch of the dungeon, and saw 3 of its levels.

You collected 72 gold pieces.


Innate Abilities, Weirdness & Mutations

You are immune to sickness and miasma.
Your stone body is resilient. (AC +4)
You are immune to poison.
You resist negative energy. (rN+)
You are resistant to electric shocks. (rElec)
You are resistant to unholy torment.
You are immune to petrification.


   Skills:
 - Level 3.2 Fighting
 + Level 4.6 Axes
 - Level 1.0 Throwing
 - Level 3.2 Armour
 - Level 3.2 Shields


You had 4 spell levels left.
You didn't know any spells.
Your spell library was empty.

Inventory:

Hand Weapons
 a - the +7 broad axe of Responsibility (weapon) {heavy, Int+4}
   (You acquired it on level 1 of the Dungeon)

   Int:       It affects your intelligence (+4).
 b - a +0 mace
 k - a +0 war axe
Armour
 c - a +0 buckler (worn)
 j - a +0 chain mail (worn)
Jewellery
 f - a ring of see invisible (left hand)
Potions
 d - a potion of might
 e - a potion of curing {unknown}
 g - a potion of heal wounds {unknown}
 i - a potion of invisibility {unknown}
 m - a potion of mutation {unknown}
 o - a potion of degeneration {unknown}

Dungeon Overview and Level Annotations

Branches:
Dungeon (3/15)

Altars:


Message History

The gnoll hits you with a +0 halberd. You block the gnoll's attack.
You hit the gnoll.
The gnoll is severely wounded.
The gnoll barely misses you. The gnoll hits you but does no damage.
An adder comes into view.
You closely miss the gnoll.
The gnoll is severely wounded.
The adder hisses angrily.
The gnoll hits you with a +0 halberd.
The orc wizard gestures wildly while chanting.
The orc wizard flickers and vanishes for a moment.
The gnoll barely misses you.
You hit the gnoll.
You kill the gnoll!
The orc wizard hits you but does no damage.
You barely miss the orc wizard. The adder bites you but does no damage.
A rat comes into view.
The adder bites you but does no damage.
The orc wizard hits you with a +0 dagger.
You closely miss the orc wizard. You hit the orc. You closely miss the adder.
The adder bites you but does no damage. The orc hits you but does no damage.
The orc wizard casts a spell at you.
You are confused.
The adder barely misses you.
The orc wizard hits you but does no damage.
The orc hits you but does no damage. The adder closely misses you.
The adder bites you but does no damage. The orc barely misses you.
The orc wizard hits you but does no damage.
The adder bites you. The orc barely misses you.
The orc wizard hits you but does no damage.
The adder barely misses you. The orc hits you but does no damage.
The orc wizard hits you but does no damage.
The adder barely misses you. x2; The orc hits you with a +0 dagger.
The orc wizard hits you with a +0 dagger.
The adder barely misses you.
The orc wizard hits you with a +0 dagger.
The orc hits you with a +0 dagger. The adder bites you but does no damage.
The orc hits you with a +0 dagger.
You die...

#.....%.####
#............
#.......#####
#)......#
#...)...#
#####).##
##..# ##S##
#.@# ##oor.#
#.#..# #.##.#
#.# )# #.# (
#.# . ... ..


You could see an orc wizard (invisible), an adder, an orc and a rat.

Vanquished Creatures
  Terence (D:2)
  An orc wizard (D:3)
  3 gnolls (D:3)
  An adder (D:2)
  2 dart slugs
  4 orcs (D:3)
  An endoplasm (D:2)
  A giant cockroach (D:2)
  4 goblins
  2 hobgoblins
  8 jackals
  A quokka (D:1)
  4 ball pythons
  2 frilled lizards
  6 kobolds
  5 rats
46 creatures vanquished.

Notes
Turn   | Place    | Note
-------+----------+-------------------------------------------
     0 | D:1      | qw the Gargoyle Fighter began the quest for the Orb.
     0 | D:1      | Reached XP level 1. HP: 14/14 MP: 1/1
     0 | D:1      | 0 ||| qw: Version: 0.2-a-29-g511e9b1
     0 | D:1      | 0 ||| qw: Game counter: 37
     0 | D:1      | 0 ||| qw: Always use a shield: true
     0 | D:1      | 0 ||| qw: God list: Okawaru
     0 | D:1      | 0 ||| qw: Allow faded altars: false
     0 | D:1      | 0 ||| qw: Do Orc after D:15 true
     0 | D:1      | 0 ||| qw: Do second Lair branch before Depths: true
     0 | D:1      | 0 ||| qw: Lair rune preference: random
     0 | D:1      | 0 ||| qw: Plans: Normal, Zot:1-4, Slime:5, God:TSO, Crypt,
                  | Tomb, Abyss, Pan, Hells, Win
     0 | D:1      | 0 ||| PLANNING D:1-11
   149 | D:1      | Reached skill level 2 in Axes
   177 | D:1      | You fall into a shaft and drop 1 floor!
   178 | D:2      | 178 ||| READING scroll labelled UCKAES XOMAOBOI.
   250 | D:1      | Reached XP level 2. HP: 16/19 MP: 2/2
   352 | D:1      | 352 ||| DROPPING +0 club.
   400 | D:1      | 400 ||| Stepping ~*~*~tactically~*~*~ (hiding).
   573 | D:1      | 573 ||| Stepping ~*~*~tactically~*~*~ (stealth).
   582 | D:1      | Reached skill level 3 in Axes
   729 | D:1      | 729 ||| READING scroll labelled NUROEFR LISAR.
   729 | D:1      | Identified a scroll of acquirement
   729 | D:1      | 729 ||| ACQUIRING +7 broad axe of Responsibility {heavy,
                  | Int+4}
   729 | D:1      | Acquired the +7 broad axe of Responsibility {heavy, Int+4}
   731 | D:1      | 731 ||| UPGRADING to +7 broad axe of Responsibility {heavy,
                  | Int+4}.
   780 | D:2      | Reached XP level 3. HP: 23/23 MP: 3/3
  1070 | D:2      | 1070 ||| Stepping ~*~*~tactically~*~*~ (stealth).
  1071 | D:2      | 1071 ||| Stepping ~*~*~tactically~*~*~ (stealth).
  1077 | D:2      | Noticed Terence
  1082 | D:2      | Killed Terence
  1091 | D:2      | 1091 ||| FLEEEEING.
  1112 | D:2      | Reached XP level 4. HP: 25/28 MP: 4/4
  1112 | D:2      | 1112 ||| FLEEEEING.
  1113 | D:2      | 1113 ||| FLEEEEING.
  1114 | D:2      | 1114 ||| FLEEEEING.
  1256 | D:2      | Reached skill level 1 in Throwing
  1315 | D:2      | 1315 ||| UPGRADING to +0 chain mail.
  1325 | D:2      | 1325 ||| DROPPING +0 scale mail.
  1326 | D:2      | 1326 ||| UPGRADING to ring of see invisible.
  1327 | D:2      | 1327 ||| READING scroll labelled XOUZXAENAY.
  1328 | D:2      | 1328 ||| READING scroll labelled AGIC ESYUL.
  1403 | D:3      | 1403 ||| DROPPING +0 whip.
  1414 | D:3      | 1414 ||| Stepping ~*~*~tactically~*~*~ (hiding).
  1416 | D:3      | 1416 ||| Stepping ~*~*~tactically~*~*~ (hiding).
  1417 | D:3      | 1417 ||| Stepping ~*~*~tactically~*~*~ (hiding).
  1418 | D:3      | 1418 ||| Stepping ~*~*~tactically~*~*~ (hiding).
  1419 | D:3      | 1419 ||| Stepping ~*~*~tactically~*~*~ (hiding).
  1421 | D:3      | 1421 ||| Stepping ~*~*~tactically~*~*~ (hiding).
  1428 | D:3      | Reached skill level 4 in Axes
  1434 | D:3      | Reached XP level 5. HP: 32/32 MP: 5/5
  1438 | D:3      | 1438 ||| Stepping ~*~*~tactically~*~*~ (stealth).
  1451 | D:3      | HP: 8/32 [gnoll/+0 halberd (5)]
  1456 | D:3      | HP: 7/32 [adder (1)]
  1459 | D:3      | HP: 3/32 [orc wizard/+0 dagger (3)]
  1459 | D:3      | HP: 1/32 [orc/+0 dagger (2)]
  1460 | D:3      | Slain by an orc

Levels and vault maps discovered:
D:1:      dpeg_arrival_boxes_within_box, layout_rooms
D:2:      layout_basic, uniq_terence
D:3:      layout_rooms, uniq_grinder

Skill      XL: |  1  2  3  4 |
---------------+-------------+-----
Axes           | 2 3 4 |  4.6
Throwing       | 1 |  1.0
Fighting       | |  3.2
Armour         | |  3.2
Shields        | |  3.2

Action                     |  1- 3 |  4- 6 || total
---------------------------+-------+-------++-------
  Melee: War axe           |    41 |       ||    41
         Broad axe         |     6 |    30 ||    36
  Throw: Javelin           |    23 |     6 ||    29
    Use: Scroll            |     2 |     2 ||     4
 Armour: Scale mail        |    23 |     7 ||    30
         Chain mail        |       |    29 ||    29
  Dodge: Dodged            |    22 |    25 ||    47
  Block: Buckler           |     6 |    12 ||    18

Table legend:
 A = Non-vault XP
 B = Vault XP
 C = Vault XP percentage of total XP
 D = Non-vault monster count
 E = Vault monster count
 F = Vault count percentage of total count
                 A         B        C        D         E       F
            +---------+---------+-------+---------+---------+-------
      Total |     168 |      38 |  18.4 |      45 |       1 |   2.2
            +---------+---------+-------+---------+---------+-------
        D:1 |      30 |       0 |   0.0 |      18 |       0 |   0.0
        D:2 |      38 |      38 |  50.0 |      14 |       1 |   6.7
        D:3 |     100 |       0 |   0.0 |      13 |       0 |   0.0
            +---------+---------+-------+---------+---------+-------
